AoeStats
← Reis

Nomad

507018769Analyzed
4v4 RM · 17d ago on Sep 16, 2026· 31m 23s· 8 players
Game mode
Random Map
Map size
231×231
Population
200
Speed
Normal
Resources
Standard
Victory
Conquest
Starting age
Dark Age
Ending age
Imperial Age
RankedLock teamsTeams togetherTeam positionsShared explorationLock speedFull tech treeHidden civsTurbo modeCheats
Victory
Defeat
🇷🇺 Britons · Russia
1345
+16
🇨🇳 Spanish · China
1320
+17
🇨🇿 Tupi · Czechia
1306
+18
🇨🇭 Bulgarians · Switzerland
1289
+18
🇮🇳 Khmer · India
1391
-19
🇭🇰 Armenians · Hong Kong SAR China
1374
-19
🇨🇳 Berbers · China
1317
-16
🇨🇳 Franks · China
1299
-15
Martin Eden
5:45 Loom
13:17 Feudal Age
17:04 Fletching
17:19 Double-Bit Axe
18:46 Padded Archer Armor
23:42 Castle Age
23:58 Crossbowman
24:34 Bodkin Arrow
25:07 Leather Archer Armor
26:34 Horse Collar
30:06 Ballistics
Reis
15:09 Feudal Age
19:39 Castle Age
17:24 Fishing Lines
17:38 Double-Bit Axe
19:37 Forging
19:33 Scale Barding Armor
21:37 Iron Casting
21:35 Loom
22:26 Fletching
24:31 Bloodlines
25:32 Bodkin Arrow
30:46 Wheelbarrow
dulinek
4:58 Loom
13:09 Feudal Age
13:42 Double-Bit Axe
20:04 Castle Age
18:24 Fishing Lines
19:42 Stone Mining
19:43 Gold Mining
22:05 Fletching
22:15 Padded Archer Armor
22:45 Town Watch
26:00 Leather Archer Armor
25:40 Bodkin Arrow
25:23 Pikeman
29:39 Bodkin Arrow
543880365
4:48 Loom
14:48 Feudal Age
19:12 Castle Age
17:56 Double-Bit Axe
17:59 Horse Collar
20:19 Bow Saw
20:32 Padded Archer Armor
23:52 Leather Archer Armor
28:47 Bloodlines
adi.rathore
4:57 Loom
15:06 Feudal Age
18:15 Castle Age
16:37 Double-Bit Axe
16:48 Horse Collar
18:22 Scale Barding Armor
24:30 Wheelbarrow
showland_wolf
4:15 Loom
16:13 Feudal Age
18:14 Town Watch
18:45 Double-Bit Axe
19:56 Wheelbarrow
28:18 Castle Age
26:42 Padded Archer Armor
825889483
3:37 Loom
14:19 Feudal Age
18:30 Castle Age
17:52 Scale Barding Armor
20:05 Chain Barding Armor
21:04 Gold Mining
21:34 Bloodlines
动车的车头
13:44 Feudal Age
13:27 Loom
17:49 Castle Age
16:09 Double-Bit Axe
16:15 Stone Mining
16:33 Fishing Lines
18:18 Horse Collar
19:50 Bow Saw
20:02 Gillnets
21:06 Heavy Plow
21:29 Padded Archer Armor
22:53 Wheelbarrow
23:23 Fletching
26:17 Hand Cart
27:46 Gold Mining
29:02 Bodkin Arrow
30:16 Leather Archer Armor
30:23 Ballistics
33:56 Imperial Age
Connection lost

Rejoining the realm…

Still unreachable

The connection could not be restored.

Session expired

The server has moved on; the page needs a fresh start.